 Dungeon Crawl Stone Soup version 0.32-a0-450-g080537f31e (webtiles) character file.

Game seed: 3386792350780832046

149361 ragingrage the Warrior (level 17, -1/146 HPs)
             Began as a Coglin Warper on Feb 23, 2024.
             Was the Champion of Beogh.
             Shot with an arrow by Vashnia (36 damage)
             ... on level 4 of the Snake Pit.
             The game lasted 00:55:42 (40630 turns).

ragingrage the Warrior (Coglin Warper)             Turns: 40630, Time: 00:55:42

Health: -1/146     AC: 19    Str: 10 (11) XL:     17   Next: 51%
Magic:  22/22      EV: 17    Int: 15 (17) God:    Beogh [******]
Gold:   500        SH:  0    Dex: 20 (21) Spells: 1/19 levels left

rFire   + + .        a - +0 scimitar (flame) {Suchat}
rCold   + + .        Q - +1 long sword of Amorality {spect, *Noise *Corrode rF++ rC+++}
rNeg    + . .        k - +3 ring mail {rC+}
rPois   +            w - +0 helmet
rElec   +            X - +0 cloak of Woubag {+Inv rN+ Int+3}
rCorr   +            v - +1 Delatra's gloves {ID++}
SInv    .            U - +2 pair of boots {Fly}
Will    .....        W - amulet of magic regeneration
Stlth   ++           Z - ring "Oddisuim" {+Blink rF- rC- AC+4 Stlth+}
HPRegen 0.44/turn    G - ring "Wuonkaan" {Fire rElec rPois rCorr Stlth-}
MPRegen 0.58/turn

%: corrode self (3%)
@: weak-willed, flying, studying Earth Magic
A: walk on water, off-hand wielding, slow wielding, warmup strikes, legs
shutdown, deterioration 1, low MP 1
a: Renounce Religion, Evoke Blink, Evoke Invisibility, Smiting, Recall Apostles,
Blood for Blood, Dismiss Norbak, priest, Dismiss Arbeogh, warrior, Dismiss
Morbeogh, wizard


You were on level 4 of the Snake Pit.
You worshipped Beogh.
Beogh was exalted by your worship.
You visited 5 branches of the dungeon, and saw 27 of its levels.
You visited 1 bazaar.
You also visited: Gauntlet.

You collected 2486 gold pieces.
You spent 1986 gold pieces at shops.

Inventory:

Hand Weapons
 a - a +0 scimitar of flaming (weapon) {Suchat}
 O - the +8 rapier "Beast's Peril" {flame, Will+ Dex+4}
   (You found it on level 1 of the Lair of Beasts)

   Dex+4:     It affects your dexterity (+4).
   Will+:     It increases your willpower.
 Q - the +1 long sword of Amorality (offhand) {spect, *Noise *Corrode rF++ rC+++}
   (You bought it in a shop on level 8 of the Dungeon)

   rF++:      It greatly protects you from fire.
   rC+++:     It renders you almost immune to cold.
   *Noise:    It may make a loud noise when swung.
   *Corrode:  It may corrode you when you take damage.
Missiles
 d - 7 darts of dispersal
 S - a throwing net
Armour
 k - a +3 ring mail of cold resistance (worn)
 u - a +0 kite shield of reflection
 v - the +1 Delatra's gloves (worn) {ID++}
   (You found it on level 4 of the Dungeon)

   ID++:      It heals its wearer when they drink unknown potions, and restores
   their MP when they read unknown scrolls.
 w - a +0 helmet (worn)
 U - a +2 pair of boots of flying (worn)
 X - the +0 cloak of Woubag (worn) {+Inv rN+ Int+3}
   (You found it in a Gauntlet)

   Int+3:     It affects your intelligence (+3).
   rN+:       It protects you from negative energy.
   +Inv:      It lets you turn invisible.
Jewellery
 g - a ring of poison resistance
 z - a ring of see invisible
 B - a ring of resist corrosion
 G - the ring "Wuonkaan" (right grasper) {Fire rElec rPois rCorr Stlth-}
   (You found it in a Gauntlet)

   [ring of fire]

   Fire:      It enhances your fire magic.
   rF+:       It protects you from fire.
   rC-:       It makes you vulnerable to cold.
   rElec:     It insulates you from electricity.
   rPois:     It protects you from poison rCorr: It protects you from acid and
   corrosion.
   Stlth-:    It makes you less stealthy.
 W - an amulet of magic regeneration (around neck)
 Z - the ring "Oddisuim" (left grasper) {+Blink rF- rC- AC+4 Stlth+}
   (You found it in a Gauntlet)

   [ring of protection]

   AC+4:      It affects your AC (+4).
   rF-:       It makes you vulnerable to fire.
   rC-:       It makes you vulnerable to cold.
   +Blink:    It lets you blink.
   Stlth+:    It makes you more stealthy.
Wands
 p - a wand of iceblast (8)
 E - a wand of charming (3)
 L - a wand of quicksilver (8)
 M - a wand of mindburst (11)
 N - a wand of flame (7)
 T - a wand of digging (21)
Scrolls
 b - 3 scrolls of brand weapon
 c - 3 scrolls of blinking
 f - a scroll of vulnerability
 h - a scroll of summoning
 i - 6 scrolls of fog
 l - 6 scrolls of revelation
 n - 2 scrolls of identify
 q - 4 scrolls of silence
 t - 5 scrolls of amnesia
 x - 3 scrolls of noise
 y - 2 scrolls of immolation
 A - a scroll of fear
 P - 2 scrolls of poison
 V - 3 scrolls of torment
 Y - 3 scrolls of teleportation
Potions
 e - 2 potions of degeneration
 j - a potion of cancellation
 m - a potion of brilliance {unknown}
 r - 7 potions of haste
 s - a potion of magic {unknown}
 F - a potion of curing
 H - 2 potions of lignification
 I - 3 potions of might
 J - 3 potions of berserk rage
 K - a potion of resistance
 R - a potion of invisibility {unknown}
Miscellaneous
 o - a phial of floods (inert)
 D - a lightning rod (4/4)


   Skills:
 - Level 16.7 Fighting
 - Level 7.5(11.7) Short Blades
 - Level 15.2(16.0) Long Blades
 - Level 0.8 Throwing
 - Level 0.8 Armour
 + Level 11.6 Dodging
 - Level 2.0 Stealth
 - Level 1.7 Spellcasting
 + Level 12.0 Translocations
 - Level 11.0 Invocations
 - Level 10.0 Evocations


You had one spell level left.
You knew the following spells:

 Your Spells              Type           Power      Damage    Failure   Level
a - Blink                 Tloc           74%        N/A       1%          2
b - Apportation           Tloc           74%        N/A       1%          1
c - Lesser Beckoning      Tloc           74%        N/A       1%          2
d - Manifold Assault      Tloc           37%        N/A       4%          4
e - Fugue of the Fallen   Necr           1%         N/A       87%         3
f - Dispersal             Tloc           18%        N/A       54%         6

Your spell library contained the following spells:

 Spells                   Type           Power      Damage    Failure   Level
 Necrotise                Necr           4%         1d4       52%         1
 Slow                     Hex            4%         N/A       52%         1
 Sting                    Conj/Alch      4%         1d3       52%         1
 Summon Small Mammal      Summ           4%         N/A       52%         1
 Teleport Other           Tloc           37%        N/A       1%          3
 Momentum Strike          Conj/Tloc      38%        3d9       8%          2
 Dimensional Bullseye     Hex/Tloc       9%         N/A       45%         4
 Iskenderun's Mystic Bla  Conj/Tloc      19%        2d6       45%         4
 Vhi's Electric Charge    Tloc/Air       38%        N/A       45%         4
 Jinxbite                 Hex            2%         N/A       65%         2
 Mercury Vapours          Alch/Air       2%         N/A       65%         2
 Confusing Touch          Hex            1%         N/A       87%         3
 Inner Flame              Hex/Fire       1%         N/A       87%         3
 Mephitic Cloud           Conj/Alch/Air  1%         N/A       87%         3
 Ozocubu's Armour         Ice            1%         N/A       87%         3
 Sigil of Binding         Hex            1%         N/A       87%         3
 Stone Arrow              Conj/Erth      2%         3d7       87%         3
 Tukima's Dance           Hex            1%         N/A       87%         3
 Vampiric Draining        Necr           1%         2d6       87%         3
 Animate Armour           Summ/Erth      2%         N/A       99%         4
 Brom's Barrelling Bould  Conj/Erth      1%         2d3       99%         4
 Cause Fear               Hex            0%         N/A       99%         4
 Flame Wave               Conj/Fire      1%         2d4       99%         4
 Ignite Poison            Fire/Alch      1%         N/A       99%         4
 Sticky Flame             Fire/Alch      1%         2d4       99%         4
 Alistair's Intoxication  Alch           0%         N/A       100%        5
 Arcjolt                  Conj/Air       0%         1d10      100%        5
 Fireball                 Conj/Fire      0%         3d3       100%        5
 Freezing Cloud           Conj/Ice/Air   0%         6-21      100%        5
 Iskenderun's Battlesphe  Conj           1%         2d6       100%        5
 Yara's Violent Unravell  Hex/Alch       0%         3d3       100%        5
 Conjure Ball Lightning   Conj/Air       0%         3x3d6     100%        6
 Sculpt Simulacrum        Ice/Alch       0%         N/A       100%        6
 Enfeeble                 Hex            0%         N/A       100%        7
 Orb of Destruction       Conj           0%         9d5       100%        7
 Ozocubu's Refrigeration  Ice            0%         4d7       100%        7
 Disjunction              Tloc           18%        N/A       100%        8
 Ignition                 Fire           0%         3d3       100%        8
 Lehudib's Crystal Spear  Conj/Erth      0%         10d2      100%        8
 Maxwell's Capacitive Co  Air            0%         ∞         100%        8
 Dragon's Call            Summ           0%         N/A       100%        9
 Polar Vortex             Ice            0%         N/A       100%        9


Dungeon Overview and Level Annotations

Branches:
Dungeon (15/15)            Temple (1/1) D:6            Lair (5/5) D:9
  Swamp (0/4) Lair:2        Snake (4/4) Lair:2        Slime (0/5) Lair:5
    Orc (2/2) D:9             Elf (0/3) Orc:2        Vaults (0/5) D:13
Gauntlet (visited)
 Depths: D:15

Altars:
Ashenzari
Cheibriados
Dithmenos
Elyvilon
Fedhas
Gozag
Hepliaklqana
Kikubaaqudgha
Makhleb
Nemelex Xobeh
Okawaru
Qazlal
Ru
Sif Muna
Trog
Uskayaw
Vehumet
Wu Jian
Xom
Yredelemnul
Zin
The Shining One

Shops:
D:5 :   D:6 (*=::   D:8 (   D:15 =   Orc:1 :[(?   Orc:2 ??=(

Annotations:
D:5 exclusion: downstairs
D:15 exclusion: door
Lair:4 exclusion: downstairs
Snake:4 Vashnia


Innate Abilities, Weirdness & Mutations

You can walk on water.
Your facial features are unmistakably orcish.
You can wield a second weapon in your off-hand.
It takes a long time for you to wield or remove held weapons.
Your first few attacks do less damage.
Attacking and casting redirects power from your legs.
Your body sometimes deteriorates upon taking damage.
Your magical capacity is low. (-10% MP)


Message History

Aim: Vashnia, wielding a +0 heavy longbow and wearing a +1 barding of cold resistance (heavily wounded, weak-willed, target of orcish vengeance, chance to affect: 65%) Vashnia's mind is blasted!!
Aiming: Mindburst
Press: ? - help, Shift-Dir - straight line, f/p - Vashnia
Aim: Vashnia, wielding a +0 heavy longbow and wearing a +1 barding of cold resistance (severely wounded, weak-willed, target of orcish vengeance, chance to affect: 65%) Vashnia's mind is blasted!!
Vashnia gestures wildly while chanting.
Vashnia blinks!
Aiming: Mindburst
Press: ? - help, Shift-Dir - straight line, f - you
Okay, then.
Vashnia gestures wildly while chanting.
Vashnia blinks!
Vashnia gestures wildly while chanting.
Vashnia magically shoots an arrow.
The arrow hits you!!
Your body deteriorates!
You feel dopey.
Aiming: Mindburst
Press: ? - help, Shift-Dir - straight line, f/p - Vashnia
Aim: Vashnia, wielding a +0 heavy longbow and wearing a +1 barding of cold resistance (almost dead, weak-willed, target of orcish vengeance, chance to affect: 65%) Vashnia struggles to resist.
Vashnia shoots an arrow.
The arrow hits you!!
* * * LOW HITPOINT WARNING * * *
Aiming: Mindburst
Press: ? - help, Shift-Dir - straight line, f/p - Vashnia
Aim: Vashnia, wielding a +0 heavy longbow and wearing a +1 barding of cold resistance (almost dead, weak-willed, target of orcish vengeance, chance to affect: 65%) Vashnia's mind is blasted!!
Aiming: Mindburst
Press: ? - help, Shift-Dir - straight line, f/p - Vashnia
Aim: Vashnia, wielding a +0 heavy longbow and wearing a +1 barding of cold resistance (almost dead, weak-willed, target of orcish vengeance, chance to affect: 65%) Vashnia struggles to resist.
Vashnia shoots an arrow.
The arrow barely misses you.
A naga ritualist comes into view. It is wielding a +0 war axe.
The naga ritualist shouts!
Aiming: Mindburst
Press: ? - help, Shift-Dir - straight line, f/p - Vashnia
Aim: Vashnia, wielding a +0 heavy longbow and wearing a +1 barding of cold resistance (almost dead, weak-willed, target of orcish vengeance, chance to affect: 65%) Vashnia struggles to resist.
Vashnia casts a spell.
Vashnia magically shoots an arrow.
The arrow hits you!!!
You die...
Vashnia says, "Headshot."

.#..#.####......#.#............#
...#.o........#.#.#.#...####.†.##
#....#............#..#.......).oS
#.......#######.......##...†).)##
................#.............##
..####...####..######.........#
.......#.....<...#####.N...####
.................[............
##.....#######[.@...)..#.......
#.....# #..................
#.....# #####.....N........
.####. ####..$##.#.... #...# ..##
###.# .. .#


You could see Vashnia (weak-willed, target of vengeance) and a naga ritualist.

Vanquished Creatures
  Nikola (Snake:4)
  A nagaraja (Snake:2)
  A very ugly thing (D:15)
  A minotaur (Gauntlet)
  Azrael (D:15)
  A blizzard demon (Gauntlet)
  A great orb of eyes (D:15)
  The ghost of GoblinFriend the Mimic, a journeyman NaSh of Gozag (Lair:2)
  3 hydras
  4 boulder beetles
  An anaconda (shapeshifter) (D:15)
  2 centaur warriors
  2 ogre magi
  4 two-headed ogres
  6 anacondas
  7 death yaks (Lair:5)
  2 naga warriors (Snake:4)
  An orc high priest (Orc:2)
  3 tengu warriors
  7 naga sharpshooters
  4 shock serpents
  A skyshark (Lair:4)
  3 skeletal warriors (D:12)
  A sixfirhy (Gauntlet)
  A mana viper (Snake:2)
  2 orc knights
  A naga ritualist (Snake:4)
  2 deep elf pyromancers
  Pikel (D:7)
  A cyclops (D:14)
  9 ugly things
  5 salamanders
  2 orc sorcerers
  4 oklob plants (Lair:5)
  2 manticores
  A will-o-the-wisp (Lair:2)
  11 elephants
  Joseph (D:8)
  7 naga magi
  22 black mambas
  A kobold blastminer (Orc:1)
  An apocalypse crab (Gauntlet)
  A guardian serpent (Snake:4)
  2 gargoyles
  Jeremiah (D:9)
  A torpor snail (Lair:5)
  A kobold demonologist (D:13)
  14 cane toads
  4 yaktaurs (D:15)
  4 rime drakes
  2 komodo dragons
  A tengu conjurer (D:15)
  2 polar bears
  A tyrant leech (Lair:5)
  A troll (Orc:2)
  18 blink frogs
  14 slime creatures
  6 wyverns
  A shadow (D:13)
  3 wraiths
  41 yaks
  6 wargs
  4 fire elementals (D:15)
  2 steam dragons
  Grum (D:8)
  3 basilisks
  5 vampire mosquitoes
  15 nagas
  2 swamp worms (Lair:5)
  Menkaure (D:7)
  An acid dragon (D:11)
  18 water moccasins
  7 ice beasts
  2 sky beasts
  3 black bears
  2 laughing skulls (D:14)
  7 orc warriors
  2 wolves
  A boggart (D:13)
  7 ogres
  A lemure (D:7)
  5 centaurs
  2 phantoms
  3 kobold brigands
  12 bullfrogs
  2 scorpions
  18 wights
  4 killer bees
  2 howler monkeys
  2 bombardier beetles
  7 hounds
  A jelly (D:6)
  3 gnoll boudas
  10 orc priests
  2 sleepcaps
  4 iguanas
  4 hell rats (Lair:4)
  10 orc wizards
  12 gnolls
  5 adders
  2 shadow imps
  6 white imps
  2 ufetubi (D:6)
  2 dart slugs
  2 ribbon worms
  34 orcs
  2 ball pythons (D:2)
  4 endoplasms
  A giant cockroach (D:1)
  11 goblins
  8 hobgoblins
  8 jackals
  15 kobolds
  5 quokkas
  9 bats
  4 frilled lizards (D:1)
  5 rats
569 creatures vanquished.

Vanquished Creatures (collateral kills)
  Aizul (Snake:1)
  Donald (Snake:4)
  3 nagarajas
  An orc warlord (Orc:2)
  The ghost of Kedox the Fighter, a journeyman DrCA of Ignis (Lair:1)
  2 catoblepae (Lair:5)
  3 hydras
  An anaconda (Snake:3)
  2 salamander tyrants
  A naga warrior (Snake:3)
  A two-headed ogre (D:13)
  7 death yaks
  A shock serpent (Snake:1)
  5 naga sharpshooters
  A demonic crawler (Lair:5)
  3 salamander mystics
  A naga ritualist (Snake:4)
  A skeletal warrior (D:12)
  2 lindwurms (Lair:5)
  A mana viper (Snake:1)
  3 orc knights
  A manticore (Lair:5)
  9 salamanders
  3 elephants
  2 cyclopes
  A rust devil (Snake:1)
  A kobold blastminer (Orc:1)
  5 cane toads
  15 black mambas
  5 naga magi
  2 guardian serpents
  2 torpor snails
  4 komodo dragons
  A rime drake (Lair:5)
  An ice devil (Snake:1)
  Psyche (D:9)
  2 hornets (Lair:5)
  3 trolls
  10 blink frogs
  2 dream sheep (Lair:5)
  2 slime creatures (D:12)
  2 wyverns
  A vampire (D:12)
  A shadow (D:10)
  22 yaks
  A basilisk (Lair:5)
  A vampire mosquito (D:10)
  4 wargs (Orc:1)
  An acid dragon (D:11)
  5 nagas
  4 water moccasins
  6 orc warriors
  A wolf (Lair:5)
  3 ogres
  3 centaurs
  7 bullfrogs
  5 wights
  4 orc priests
  An orc wizard (D:8)
  2 hell rats (Lair:4)
  4 ufetubi (Gauntlet)
  2 orcs
  4 kobolds
198 creatures vanquished.

Vanquished Creatures (others)
  3 orc high priests
  A shock serpent (Snake:4)
  14 orc apostles
  An orc knight (Lair:5)
  An orc sorcerer (Orc:2)
  3 slime creatures (D:15)
  A warg (Orc:2)
  5 orc warriors
  A centaur (D:13)
  6 orc priests (Orc:2)
  2 orc wizards (D:13)
  7 orcs
  2 foxfires (Lair:2)
  13 spectral weapons
60 creatures vanquished.

Grand Total: 827 creatures vanquished

Notes
Turn   | Place    | Note
-------+----------+-------------------------------------------
     0 | D:1      | ragingrage the Coglin Warper began the quest for the Orb.
     0 | D:1      | Reached XP level 1. HP: 16/16 MP: 3/3
    39 | D:1      | Reached XP level 2. HP: 13/22 MP: 4/4
    54 | D:1      | HP: 1/22 [kobold/+0 club (2)]
   269 | D:1      | Reached XP level 3. HP: 18/27 MP: 5/5
  1219 | D:2      | Reached skill level 1 in Stealth
  1480 | D:2      | Reached XP level 4. HP: 32/33 MP: 6/6
  2597 | D:4      | Reached XP level 5. HP: 11/38 MP: 7/7
  2897 | D:4      | Became a worshipper of Beogh the Shepherd
  3092 | D:4      | Found the +1 Delatra's gloves {ID++}
  3301 | D:4      | Reached skill level 5 in Long Blades
  3532 | D:4      | Reached XP level 6. HP: 44/44 MP: 8/8
  3614 | D:4      | Found a sacrificial altar of Ru.
  3619 | D:4      | Found an ancient bone altar of Kikubaaqudgha.
  3619 | D:4      | Found a stormy altar of Qazlal.
  3627 | D:4      | Found a basalt altar of Yredelemnul.
  3631 | D:4      | Found a white marble altar of Elyvilon.
  3867 | D:5      | Entered Level 5 of the Dungeon
  4367 | D:5      | Reached * piety under Beogh
  4368 | D:5      | Reached XP level 7. HP: 48/50 MP: 9/9
  4682 | D:5      | Found Fota's Tiny Tomes.
  4784 | D:5      | Found a glowing golden altar of the Shining One.
  5002 | D:5      | Reached XP level 8. HP: 27/57 MP: 10/10
  5155 | D:6      | Found Nezyw's General Store.
  5159 | D:6      | Bought a +3 ring mail of cold resistance for 286 gold
                  | pieces
  5248 | D:6      | Found Anak's Weapon Shop.
  5514 | D:7      | Reached skill level 3 in Fighting
  5630 | D:7      | Noticed Menkaure
  5644 | D:7      | Killed Menkaure
  5672 | D:7      | Reached skill level 4 in Fighting
  5842 | D:7      | Identified the +3 short sword of Paluath {heavy, +Blink Fly
                  | Dex-2 SInv}
  6068 | D:7      | Reached skill level 10 in Long Blades
  6068 | D:7      | Reached XP level 9. HP: 61/65 MP: 11/11
  6402 | D:6      | Found a staircase to the Ecumenical Temple.
  6421 | Temple   | Entered the Ecumenical Temple
  6787 | D:6      | Reached ** piety under Beogh
  6795 | D:6      | Reached skill level 5 in Fighting
  7259 | D:7      | Found a bloodstained altar of Trog.
  7259 | D:7      | Found an ornate altar of the Wu Jian Council.
  7272 | D:7      | Noticed Pikel
  7284 | D:7      | Killed Pikel
  7285 | D:7      | Reached skill level 6 in Fighting
  7285 | D:7      | Reached skill level 5 in Dodging
  7494 | D:7      | Learned a level 2 spell: Blink
  7496 | D:7      | Learned a level 1 spell: Apportation
  7499 | D:7      | Learned a level 2 spell: Lesser Beckoning
  7504 | D:7      | Learned a level 4 spell: Manifold Assault
  7538 | D:7      | Reached XP level 10. HP: 68/76 MP: 12/12
  7640 | D:8      | Found Ossail's Antique Weapon Boutique.
  8333 | D:8      | Noticed Grum
  8627 | D:6      | Found Ebluad's Jewellery Emporium.
  8733 | D:6      | Found Uvoanet's Book Emporium.
  8846 | D:6      | Reached skill level 1 in Invocations
  8890 | D:6      | Noticed a manticore
  8925 | D:6      | Killed a manticore
  9046 | D:6      | Found Bufoliaf's Book Shop.
  9345 | D:8      | Reached skill level 5 in Translocations
  9415 | D:8      | Killed Grum
  9439 | D:8      | Reached *** piety under Beogh
  9463 | D:8      | Noticed Orik
  9503 | D:8      | Anointed Orik the warrior as your apostle
  9886 | D:8      | Noticed Norbak
  9898 | D:8      | Noticed a black mamba
  9898 | D:8      | Noticed a black mamba
  9901 | D:8      | Gained mutation: Your body sometimes deteriorates upon
                  | taking damage. [potion of mutation]
  9901 | D:8      | Gained mutation: Your magical capacity is low. (-10% MP)
                  | [potion of mutation]
  9903 | D:8      | Anointed Norbak the priest as your apostle
 10246 | D:8      | Noticed Joseph
 10259 | D:8      | Killed Joseph
 10260 | D:8      | Reached XP level 11. HP: 59/81 MP: 12/12
 10365 | D:9      | Noticed Jeremiah
 10372 | D:9      | Killed Jeremiah
 10693 | D:9      | Noticed Psyche
 10749 | D:9      | Found a staircase to the Lair.
 10915 | D:9      | Found a staircase to the Orcish Mines.
 10970 | D:9      | Reached **** piety under Beogh
 10974 | D:9      | Killed Psyche
 11288 | D:10     | Entered Level 10 of the Dungeon
 11413 | D:10     | Found a hazy altar of Hepliaklqana.
 11794 | D:10     | Noticed a two-headed ogre
 11807 | D:10     | Killed a two-headed ogre
 13305 | Lair:1   | Entered Level 1 of the Lair of Beasts
 13596 | Lair:1   | Reached XP level 12. HP: 76/88 MP: 13/13
 13820 | Lair:1   | Found a runed translucent door.
 13831 | Lair:1   | Identified the +8 rapier "Beast's Peril" {flame, Will+
                  | Dex+4}
 13939 | D:8      | Bought a scorched long sword for 238 gold pieces
 13939 | D:8      | Identified the +1 long sword of Amorality {spect, *Noise
                  | *Corrode rF++ rC+++} (You bought it in a shop on level 8 of
                  | the Dungeon)
 14433 | Lair:1   | Noticed Kedox's ghost (journeyman DrCA)
 14470 | Lair:2   | Reached skill level 10 in Translocations
 14473 | Lair:2   | Noticed a seven-headed hydra
 14479 | Lair:2   | Killed an eight-headed hydra
 14818 | Lair:2   | Found a runed translucent gate.
 14819 | Lair:2   | Found a runed translucent gate.
 14819 | Lair:2   | Noticed a death yak
 14820 | Lair:2   | Found a runed translucent gate.
 14838 | Lair:2   | Reached skill level 7 in Fighting
 14908 | Lair:2   | Noticed Wardok
 14910 | Lair:2   | Noticed GoblinFriend's ghost (journeyman NaSh)
 14919 | Lair:2   | Anointed Wardok the warrior as your apostle
 15051 | Lair:2   | Found a staircase to the Swamp.
 15316 | Lair:2   | Found a staircase to the Snake Pit.
 15655 | Lair:3   | Reached skill level 1 in Evocations
 15712 | Lair:3   | Reached ***** piety under Beogh
 15754 | Lair:3   | Reached skill level 8 in Fighting
 16372 | Lair:3   | Noticed a death yak
 16372 | Lair:3   | Noticed a death yak
 16373 | Lair:3   | Noticed a death yak
 16373 | Lair:3   | Noticed a death yak
 16375 | Lair:3   | Noticed a death yak
 16402 | Lair:3   | Killed a death yak
 16403 | Lair:3   | Reached skill level 5 in Invocations
 16405 | Lair:3   | Killed a death yak
 16406 | Lair:3   | Reached skill level 5 in Evocations
 16406 | Lair:3   | Reached XP level 13. HP: 100/100 MP: 15/15
 16669 | Lair:3   | Reached skill level 9 in Fighting
 17446 | Lair:4   | Reached skill level 10 in Fighting
 18504 | Lair:5   | Entered Level 5 of the Lair of Beasts
 18633 | Lair:5   | Reached XP level 14. HP: 81/110 MP: 8/18
 18649 | Lair:5   | Your ally Orik died
 18658 | Lair:5   | Your ally Wardok died
 18949 | Lair:5   | Reached skill level 10 in Invocations
 18961 | Lair:5   | Your ally Norbak died
 19023 | Lair:5   | Reached skill level 1 in Short Blades
 20031 | Lair:5   | Found a staircase to the Slime Pits.
 20458 | Lair:5   | Anointed Arbeogh the warrior as your apostle
 21540 | Lair:5   | Your ally Arbeogh died
 21544 | Lair:5   | Reached skill level 11 in Fighting
 22811 | D:11     | Reached XP level 15. HP: 119/119 MP: 20/20
 23429 | D:12     | Found a gate leading to a gauntlet.
 23452 | Gauntlet | Entered a Gauntlet
 23452 | Gauntlet | Found a transporter.
 23452 | Gauntlet | Found a transporter.
 23453 | Gauntlet | Found a transporter.
 23456 | Gauntlet | Found a transporter.
 23456 | Gauntlet | Found a transporter.
 23457 | Gauntlet | Found a transporter.
 23466 | Gauntlet | Found a transporter.
 23466 | Gauntlet | Found a transporter.
 23470 | Gauntlet | Found a transporter.
 23480 | Gauntlet | Found a transporter.
 23588 | Gauntlet | Found a transporter.
 23600 | Gauntlet | Found a transporter.
 23853 | Gauntlet | Your ally Norbak died
 23930 | Gauntlet | Identified the +0 hat of Benevolence {Str+2 Stlth+}
 23959 | Gauntlet | Identified the ring "Wuonkaan" {Fire rElec rPois rCorr
                  | Stlth-}
 23965 | Gauntlet | Identified the +0 cloak of Woubag {+Inv rN+ Int+3}
 23999 | Gauntlet | Identified the +5 kite shield "Xirpholeu" {Rampage}
 24010 | Gauntlet | HP: 3/119 [minotaur/javelin (29)]
 24017 | Gauntlet | Your ally Wardok died
 24024 | Gauntlet | Identified the ring "Oddisuim" {+Blink rF- rC- AC+4 Stlth+}
 24027 | Gauntlet | Identified the +1 buckler of Intuition {Dex+3}
 24363 | D:12     | Reached skill level 5 in Short Blades
 25791 | D:13     | Found a gate to the Vaults.
 25814 | D:13     | Identified the +5 flail "Byetae Bequ" {flame, rC++}
 25816 | D:13     | Reached skill level 12 in Fighting
 25823 | D:13     | Your ally Arbeogh died
 25823 | D:13     | Your ally Wardok died
 25836 | D:13     | Your ally Norbak died
 25842 | D:13     | Was placed under penance by Beogh
 25842 | D:13     | Fled from a divine trial
 28038 | D:14     | Was forgiven by Beogh
 28177 | D:15     | Entered Level 15 of the Dungeon
 28529 | D:15     | Found a broken altar of Ashenzari.
 28665 | D:15     | Reached skill level 13 in Fighting
 29857 | D:15     | Found Soof's Jewellery Emporium.
 30240 | D:15     | Reached XP level 16. HP: 111/131 MP: 4/21
 30341 | D:15     | Noticed Azrael
 30362 | D:15     | Killed Azrael
 30841 | D:15     | Found Soof's Jewellery Emporium.
 30947 | D:15     | Found a broken altar of Ashenzari.
 31536 | Orc:1    | Entered Level 1 of the Orcish Mines
 31536 | Orc:1    | Found Kerie's Magic Scroll Emporium.
 31547 | Orc:1    | Reached skill level 10 in Evocations
 31824 | Orc:1    | Found Qythraag's Armour Shop.
 31948 | Orc:2    | Entered Level 2 of the Orcish Mines
 32047 | Orc:2    | Found a staircase to the Elven Halls.
 32320 | Orc:1    | Found Xietsiuno's Antique Weapon Boutique.
 32734 | Orc:2    | Paralysed by an orc sorcerer for 3 turns
 32934 | Orc:1    | Found Zekhinet's Book Shop.
 33408 | Orc:2    | Reached skill level 14 in Fighting
 33533 | Orc:2    | Found Cohoub's Magic Scroll Shoppe.
 33536 | Orc:2    | Found Lucegei's Jewellery Shoppe.
 33537 | Orc:2    | Found Mit Ymes's Antique Weapon Shoppe.
 33538 | Orc:2    | Found Faguhah's Magic Scroll Emporium.
 33544 | Orc:2    | Bought a scroll of teleportation for 33 gold pieces
 33544 | Orc:2    | Bought a scroll of teleportation for 33 gold pieces
 33544 | Orc:2    | Bought a scroll of enchant armour for 82 gold pieces
 33549 | Orc:2    | Bought a scroll of fear for 48 gold pieces
 33554 | Orc:2    | Bought an amulet of magic regeneration for 450 gold pieces
 33738 | Lair:1   | Killed Kedox's ghost
 33845 | Lair:2   | Killed GoblinFriend's ghost
 33938 | Snake:1  | Entered Level 1 of the Snake Pit
 33941 | Snake:1  | Identified the serpent talisman of Opoeng {rN+ Int-5 Slay+3
                  | Stlth+}
 33941 | Snake:1  | Noticed Aizul
 33964 | Snake:1  | Killed Aizul
 34137 | Snake:1  | Reached ****** piety under Beogh
 34557 | Snake:1  | Identified the +2 robe of Lawepsam {Will- Str+9 Int+4
                  | Dex+3}
 34568 | Snake:1  | Anointed Morbeogh the wizard as your apostle
 35023 | Snake:1  | Reached skill level 15 in Fighting
 35416 | Snake:2  | Noticed a nagaraja
 35416 | Snake:2  | Noticed a nagaraja
 35477 | Snake:2  | Noticed a nagaraja
 35483 | Snake:2  | Killed a nagaraja
 35618 | Snake:2  | Reached skill level 10 in Dodging
 36175 | Snake:2  | Killed a nagaraja
 36327 | Snake:2  | Killed a nagaraja
 36432 | Snake:2  | Your ally Norbak died
 36438 | Snake:2  | Reached skill level 16 in Fighting
 36939 | Snake:3  | Reached skill level 15 in Long Blades
 36946 | Snake:3  | Reached XP level 17. HP: 126/144 MP: 22/22
 37114 | Snake:3  | Found a flickering gateway to a bazaar.
 37131 | Bazaar   | Entered a bazaar
 37186 | Bazaar   | Found Teentex's Book Boutique.
 37232 | Bazaar   | Found Toapsoth's Jewellery Shoppe.
 37318 | Bazaar   | Found Foitwuzy's Assorted Antiques.
 37380 | Bazaar   | Found Hamacoq's Jewellery Shoppe.
 37484 | Bazaar   | Bought a book of Battle for 312 gold pieces
 37484 | Bazaar   | Bought a book of the Warp for 504 gold pieces
 37488 | Bazaar   | Learned a level 3 spell: Fugue of the Fallen
 37495 | Bazaar   | Learned a level 6 spell: Dispersal
 38835 | Snake:4  | Entered Level 4 of the Snake Pit
 39445 | Snake:4  | Noticed Donald
 39456 | Snake:4  | Killed Donald
 39616 | Snake:4  | Noticed Nikola
 39627 | Snake:4  | Killed Nikola
 39630 | Snake:4  | Your ally Morbeogh died
 39640 | Snake:4  | Noticed Vashnia
 39641 | Snake:4  | Your ally Arbeogh died
 39647 | Snake:4  | Your ally Norbak died
 40630 | Snake:4  | Shot with an arrow by Vashnia

Illustrated notes

Levels and vault maps discovered:
D:1:      lightli_iron_boxes, layout_basic, kennysheep_doodads, st_stairs_9
D:2:      layout_basic, hangedman_abyss_or_decor_lesser_grid,
          corexii_corridor_pit
D:3:      layout_basic, minmay_goblin_outpost
D:4:      layout_loops_corners, minmay_overflow_temple_star_hex
D:5:      layout_basic, kennysheep_little_box,
          nicolae_shop_i_like_small_books_too
D:6:      minmay_clustersquares, layout_basic, minmay_temple_entry_wispy,
          serial_shops, nicolae_shop_window_shopping, shop,
          nicolae_diamond_shop, shop, nicolae_shop_pleasant_corner_grove
D:7:      layout_basic, gammafunk_temple_overflow_elements, serial_glass,
          glass_columns_b, glass_columns_a, feat_on_display,
          due_unseen_surprise, minmay_strange_pillars, mrwooster_statue_mirror,
          hangedman_minor_gate_pass, uniq_pikel, uniq_menkaure
D:8:      layout_basic, serial_shops, shop, st_stairs_12, uniq_joseph, uniq_grum
D:9:      layout_basic, david_lair_shrubbed, orc_0_dummy, uniq_psyche,
          uniq_jeremiah
D:10:     layout_loops_ring, kennysheep_mini
D:11:     layout_loops_corners
D:12:     layout_loops_corners, gauntlet_entry_generic
D:13:     layout_loops_ring, hangedman_vaults_entry_quadrant_bands
D:14:     layout_cave_pools, nicolae_concentric_dashed_squares_mild,
          hellmonk_talismancer
D:15:     gammafunk_enter_depths_forms, layout_loops_ring,
          nicolae_ashenzari_skybound, serial_shops, nicolae_shop_crystal,
          uniq_azrael
Temple:   nicolae_temple_bog_church
Lair:1:   layout_small_grid, ebering_ghost_reflecting_pool
Lair:2:   layout_hall_layers, minmay_swamp_entry_wisps, dummy_snake_entry,
          gammafunk_ghost_split
Lair:3:   layout_roguey
Lair:4:   layout_loops_ring, dreamdust_gnoll_shepherd
Lair:5:   hangedman_lair_in_review, layout_cave_pods,
          minmay_slime_entry_oklob_enclosed, worms_lemuel
Snake:1:  layout_gridlike, grunt_megastairs_3, serial_bayou_shore_b, uniq_aizul
Snake:2:  layout_grid_shapes, drop_trap
Snake:3:  layout_chambers, serial_shops, bzr_entry_dummy
Snake:4:  hellmonk_snake_rune_quicksilver_temple, layout_misc_corridors,
          uniq_nikola, uniq_vashnia, uniq_donald
Orc:1:    layout_caves, serial_shops, shop, shop, nicolae_square_shop, shop,
          mines5_lemuel
Orc:2:    st_orc_pillars, layout_diamond_mine

Skill      XL: |  1  2  3  4  5  6  7  8  9 10 11 12 13 14 15 16 17 |
---------------+----------------------------------------------------+-----
Long Blades    | 3 4 5 6 8 10 11 12 14 15 | 15.2
Stealth        | 1 2 |  2.0
Dodging        | 2 3 5 7 8 10 11 | 11.6
Fighting       | 4 6 8 10 11 13 16 | 16.7
Translocations | 6 9 11 12 | 12.0
Invocations    | 3 4 5 8 10 11 | 11.0
Evocations     | 5 9 10 | 10.0
Short Blades   | 4 6 7 |  7.5
Throwing       | |  0.8
Armour         | |  0.8
Spellcasting   | |  1.7

Action                     |  1- 3 |  4- 6 |  7- 9 | 10-12 | 13-15 | 16-18 || total
---------------------------+-------+-------+-------+-------+-------+-------++-------
  Melee: Falchion          |   105 |   151 |   120 |       |       |       ||   376
         Short sword       |    57 |    45 |       |       |       |       ||   102
         Dagger            |       |    88 |   246 |   323 |       |       ||   657
         Long sword        |       |       |   139 |   517 |  1499 |   506 ||  2661
         Scimitar          |       |       |       |       |       |   497 ||   497
  Throw: Dart              |     2 |       |     6 |     6 |     2 |       ||    16
   Cast: Manifold Assault  |       |       |       |    14 |   114 |   220 ||   348
 Invoke: Convert to Beogh  |       |     1 |       |       |       |       ||     1
         Recruit Apostle   |       |       |       |     3 |     1 |     1 ||     5
         Smiting           |       |       |       |     1 |    13 |       ||    14
         Recall Apostles   |       |       |       |     3 |     3 |    12 ||    18
         Dismiss Apostle   |       |       |       |       |     1 |     1 ||     2
         Blood for Blood   |       |       |       |       |     1 |       ||     1
  Evoke: Wand              |       |       |       |       |    12 |    14 ||    26
         Phial of floods   |       |       |       |       |       |     1 ||     1
    Use: Potion            |       |     1 |     2 |     6 |    10 |       ||    19
         Scroll            |       |       |     6 |     1 |    14 |     2 ||    23
   Stab: Sleeping          |     1 |       |     1 |     1 |     2 |       ||     5
         Distracted        |       |       |     1 |     4 |    20 |    11 ||    36
         Petrifying        |       |       |       |       |     3 |       ||     3
         Petrified         |       |       |       |       |     2 |       ||     2
 Armour: Leather armour    |    80 |       |       |       |       |       ||    80
         Chain mail        |     5 |   125 |    56 |       |       |       ||   186
         Ring mail         |       |       |   128 |   191 |   372 |   183 ||   874
         Skin              |       |       |       |     3 |     3 |       ||     6
  Dodge: Dodged            |    74 |    38 |    90 |   228 |   454 |   152 ||  1036

Table legend: (Time is in decaauts)
 A = Elapsed time spent in this place.
 B = Non-inter-level travel time spent in this place.
 C = Inter-level travel time spent in this place.
 D = Time resting spent in this place.
 E = Time spent auto-exploring this place.
 F = Levels seen in this place.
 G = Mean time per level.
                   A        B        C        D        E       F      G
               +--------+--------+--------+--------+--------+-----+--------+
         Total |  40135 |  37896 |   2239 |  10827 |  21470 |  29 | 1384.0 |
       Dungeon |  21290 |  19787 |   1503 |   4408 |  12424 |  15 | 1419.3 |
        Temple |    342 |    342 |      0 |    325 |      0 |   1 |  342.0 |
          Lair |   8966 |   8532 |    434 |   2427 |   4955 |   5 | 1793.2 |
     Snake Pit |   6227 |   6093 |    134 |   2639 |   2651 |   4 | 1556.8 |
  Orcish Mines |   2085 |   1918 |    167 |    598 |    956 |   2 | 1042.5 |
        Bazaar |    394 |    394 |      0 |      0 |    322 |   1 |  394.0 |
      Gauntlet |    827 |    827 |      0 |    430 |    161 |   1 |  827.0 |
               +--------+--------+--------+--------+--------+-----+--------+

Top non-repeatable levels by time:
  Lair:5: 3590 daAuts
    D:15: 3057 daAuts
 Snake:3: 2787 daAuts
     D:8: 1872 daAuts
     D:7: 1667 daAuts
  Lair:4: 1592 daAuts
 Snake:1: 1517 daAuts
  Lair:3: 1486 daAuts
     D:5: 1486 daAuts
    D:13: 1462 daAuts
 Snake:2: 1425 daAuts
     D:3: 1422 daAuts
    D:12: 1407 daAuts
     D:4: 1359 daAuts
   Orc:2: 1291 daAuts
